 Dungeon Sprint DCSS version 0.29.1-2-gbd0b4ee654 (webtiles) character file.

Game seed: 2690750180295020718

58 concon the Grave Robber (level 3, 0/42 HPs)
             Began as a Demonspawn Necromancer on Nov 26, 2022.
             Slain by a scorpion (6 damage)
             ... in the Dungeon (Sprint IX: "|||||||||||||||||||||||||||||").
             The game lasted 00:01:19 (181 turns).

concon the Grave Robber (Demonspawn Necromancer)     Turns: 181, Time: 00:01:20

Health: 0/42       AC:  2    Str:  8    XL:     3   Next: 75%
Magic:  3/8        EV: 12    Int: 18    God:
Gold:   0          SH:  0    Dex: 13    Spells: 8/9 levels left

rFire   . . .      SeeInvis .   (no weapon)
rCold   . . .      Faith    .   (no shield)
rNeg    . . .      Spirit   .   a - +0 robe
rPois   .          Reflect  .   (no helmet)
rElec   .          Harm     .   (no cloak)
rCorr   .          Rampage  .   (no gloves)
Will    .....      NoTele   +   (no boots)
Stlth   ..........              (no amulet)
HPRegen 0.14/turn               (no ring)
MPRegen 0.22/turn               (no ring)

@: berserking, lethally poisoned (0 -> -21), very quick
A: magic regeneration
a: no special abilities


You were in the Dungeon.
You visited 1 branch

Inventory:

Armour
 a - a +0 robe (worn)
Scrolls
 g - a scroll of blinking
Potions
 b - a potion of magic
 c - a potion of curing
 e - a potion of haste


   Skills:
 * Level 2.3 Fighting
 * Level 2.9 Dodging
 * Level 3.1 Stealth
 * Level 3.9 Spellcasting
 + Level 6.5 Necromancy


You had 8 spell levels left.
You knew the following spells:

 Your Spells              Type           Power      Damage    Failure   Level
a - Necrotise             Necr           100%       1d9       1%          1

Your spell library contained the following spells:

 Spells                   Type           Power      Damage    Failure   Level
 Vampiric Draining        Necr           27%        2d7       3%          3
 Animate Dead             Necr           27%        N/A       10%         4
 Agony                    Necr           27%        N/A       28%         5


Dungeon Overview and Level Annotations

Branches:
Dungeon (1/1)

Altars:


Innate Abilities, Weirdness & Mutations

You regenerate magic rapidly.


Message History

You barely miss the scorpion. The scorpion stings you.
You are poisoned.
The scorpion poisons you!
You barely miss the scorpion. Your punch misses the scorpion.
You feel sick. The scorpion barely misses you.
You hit the scorpion.
The scorpion is lightly wounded.
You feel sick.
You barely miss the scorpion.
The scorpion is lightly wounded.
The scorpion stings you.
You are more poisoned.
The scorpion poisons you!
You hit the scorpion.
The scorpion is lightly wounded.
You feel sick. The scorpion closely misses you.
You hit the scorpion.
The scorpion is lightly wounded.
You feel sick. The scorpion closely misses you.
You hit the scorpion but do no damage.
The scorpion is lightly wounded.
You feel sick. The scorpion stings you.
You are more poisoned.
The scorpion poisons you!
You closely miss the scorpion.
The scorpion is lightly wounded.
You feel very sick.
You punch the scorpion!
The scorpion is severely wounded.
You feel very sick. The scorpion stings you.
* * * LOW HITPOINT WARNING * * *
You are more poisoned.
The scorpion poisons you!
You hit the scorpion.
The scorpion is almost dead.
* * * LOW HITPOINT WARNING * * *
You feel very sick. The scorpion stings you.
You die...

▓)▓
▓.▓
▓.▓
▓.▓
▓.▓
▓)▓
▓5▓
▓s▓
▓@▓
▓<▓
▓▓▓


You could see a scorpion and an ufetubus.

Vanquished Creatures
  An orc wizard (D)
  2 gnolls (D)
  An adder (D)
  A hobgoblin (D)
  A quokka (D)
  A rat (D)
7 creatures vanquished.

Vanquished Creatures (collateral kills)
  A rat (D)
1 creature vanquished.

Grand Total: 8 creatures vanquished

Notes
Turn   | Place    | Note
-------+----------+-------------------------------------------
     0 | D        | concon the Demonspawn Necromancer began the quest for the
                  | Orb.
     0 | D        | Reached XP level 1. HP: 13/13 MP: 3/3
     9 | D        | Reached skill level 1 in Fighting
     9 | D        | Reached skill level 5 in Necromancy
     9 | D        | Gained mutation: You regenerate magic rapidly. [demonic
                  | ancestry]
     9 | D        | Reached XP level 2. HP: 13/21 MP: 3/5
   135 | D        | Noticed a scorpion
   148 | D        | Reached skill level 6 in Necromancy
   148 | D        | Reached XP level 3. HP: 16/27 MP: 5/7
   161 | D        | HP: 1/27 [something/puff of flame (11)]
   181 | D        | Slain by a scorpion

Illustrated notes

Levels and vault maps discovered:
D:        linesprint [early_d, line_temple, items_1, d_10, items_2, lair_1,
          lair_end, items_3, orc_1, orc_end, items_4, d_15, swamp_1, shoals_1,
          snake_1, spider_1, d_20, vaults_1, items_5, swamp_end, shoals_end,
          snake_end, spider_end, vaults_end, d_27, items_6, zot_1, zot_end,
          crypt_end, forest_end, elf_end, slime_end, tomb_end, abyss_end,
          pan_hell_end]

Skill      XL: |  1  2  3 |
---------------+----------+-----
Fighting       | 1 2 |  2.3
Dodging        | 2 |  2.9
Stealth        | 2 3 |  3.1
Necromancy     | 5 6 |  6.5
Spellcasting   | 3 |  3.9

Action                   || total
-------------------------++-------
Melee: Unarmed           ||    12
 Cast: Necrotise         ||    26
  Use: Potion            ||     4
Armor: Robe              ||     1
Dodge: Dodged            ||     8
